Map: Ulrena

Players

Fedor

  • Race: Terran Terran
  • League: Diamond

LilDicky - Winner!

  • Race: Terran Terran
  • League: Diamond

VOD

http://www.twitch.tv/tumescentpie

Description

Time

  • Played on: Dec. 26, 2015, 7:21 p.m.
  • Length: 7:02
Show
View Real Time Build Order
Export as new Build Order

Fedor Terran 

Build Orders:  

Get SALT Encoding   

  12  0:01  SCV  
  13  0:13  SCV  
  14  0:18  Supply Depot  
  14  0:25  SCV  
  15  0:39  SCV  
  15  0:42  Barracks  
  16  0:44  Refinery  
  16  0:51  SCV  
  17  1:04  SCV  
  18  1:12  Refinery  
  18  1:16  SCV  
  19  1:30  Marine  
  20  1:32  Orbital Command  
  20  1:39  Supply Depot  
  20  1:46  Factory  
  20  1:49  Marine  
  21  1:59  SCV  
  22  2:07  Marine  
  23  2:12  SCV  
  24  2:24  SCV  
  24  2:25  Marine  
  26  2:33  Starport  
  26  2:34  Factory Tech Lab  
  26  2:36  SCV  
  27  2:44  Supply Depot  
  27  2:48  SCV, Marine  
  29  3:00  SCV  
  33  3:05  Siege Tank  
  33  3:06  Marine  
  33  3:10  Supply Depot  
  33  3:12  SCV  
  35  3:14  Medivac  
  37  3:31  SCV, Bunker  
  37  3:32  Engineering Bay  
  38  3:41  Marine  
  39  3:43  SCV  
  40  3:48  Supply Depot  
  40  3:53  Widow Mine  
  40  3:55  Banshee, SCV  
  46  4:01  Missile Turret  
  46  4:05  Missile Turret  
  47  4:11  Barracks Reactor  
  47  4:16  SCV  
  49  4:49  Marine x2  
  49  4:57  Command Center  
  48  5:19  Siege Tank, Marine x2  
  51  5:26  Viking  
  53  5:31  Barracks  
  53  5:33  Barracks  
  51  5:43  Supply Depot  
  51  5:51  Supply Depot  
  51  5:53  Supply Depot  
  51  5:54  Supply Depot  
  50  6:08  Marine x2  
  50  6:11  Orbital Command  
  46  6:18  Viking  
  46  6:22  Barracks Reactor, Barracks Tech Lab  
Show
View Real Time Build Order
Export as new Build Order

LilDicky Terran - Winner!

Build Orders: Liberator Opening 

Get SALT Encoding   

  12  0:01  SCV  
  13  0:13  SCV  
  14  0:26  SCV  
  14  0:27  Supply Depot  
  15  0:49  SCV  
  16  0:55  Barracks  
  16  0:57  Refinery  
  16  1:01  SCV  
  17  1:21  SCV  
  18  1:33  SCV  
  19  1:42  Supply Depot, Marine  
  19  1:46  Orbital Command  
  20  1:53  Refinery  
  20  2:00  Factory, Marine  
  21  2:11  Supply Depot  
  21  2:13  SCV  
  22  2:18  Marine  
  23  2:25  SCV  
  24  2:37  Marine  
  24  2:43  Factory Tech Lab  
  25  2:46  Starport  
  25  2:48  SCV  
  26  2:52  Supply Depot  
  26  2:55  Marine  
  27  3:01  SCV  
  27  3:03  Siege Tank  
  31  3:11  Liberator  
  31  3:13  SCV  
  32  3:24  Engineering Bay  
  32  3:25  SCV  
  33  3:28  Marine  
  37  3:37  SCV  
  38  3:46  Marine  
  39  3:49  SCV  
  39  3:51  Command Center  
  39  3:52  Siege Tank  
  43  3:58  Missile Turret  
  43  4:03  SCV  
  43  4:09  Marine  
  45  4:10  Supply Depot  
  42  4:46  SCV, Missile Turret  
  42  4:48  Viking  
  45  4:57  Siege Tank  
  45  4:58  SCV  
  49  5:10  SCV  
  49  5:24  SCV  
  49  5:26  SCV  
  51  5:29  Liberator  
  47  5:44  Siege Tank  
  47  5:49  Missile Turret  
  53  5:52  SCV  
  54  5:59  Missile Turret  
  54  6:04  SCV, Missile Turret  
  55  6:07  Refinery  
  55  6:08  Refinery  
  55  6:16  SCV, Siege Tank  
  55  6:18  Orbital Command  
  59  6:27  Missile Turret  
  59  6:29  Starport  
Tags
 
Add a new tag
Caveats
  • Supply blocks, unpowered buildings, or Contaminate may cause inaccurate times.
  • Supply counts are checked every 10 seconds.